 Dungeon Crawl Stone Soup version 0.31-a0-841-g038b102fc3 (webtiles) character file.

Game seed: 17334531387987455275

31 javelincjr the Magician (level 3, -2/20 (21) HPs)
             Began as an Octopode Hedge Wizard on Sept 27, 2023.
             Slain by Jessica
             ... wielding a +0 club
              (4 damage)
             ... on level 2 of the Dungeon.
             The game lasted 00:02:49 (1363 turns).

javelincjr the Magician (Octopode Hedge Wizard)     Turns: 1363, Time: 00:02:50

HP:   -2/20 (21)    AC:  1    Str:  9    XL:     3   Next: 22%
MP:   4/7           EV: 13    Int: 18    God:
Gold: 38            SH:  0    Dex: 11    Spells: 3/8 levels left

rFire   . . .        g - +1 dagger (drain)
rCold   . . .        (no shield)
rNeg    . . .        b - +0 hat
rPois   .            (no amulet)
rElec   .            (no ring)
rCorr   .            (no ring)
SInv    .            (no ring)
Will    .....        (no ring)
Stlth   +++          (no ring)
HPRegen 0.23/turn    (no ring)
MPRegen 0.10/turn    (no ring)
                     (no ring)

%: no passive effects
@: on blink cooldown, slowed, lightly drained, very slow
A: almost no armour, amphibious, 8 rings, camouflage 1, gelatinous body 1,
(nimble swimmer 1), tentacles
a: no special abilities


You were on level 2 of the Dungeon.
You visited 1 branch of the dungeon, and saw 2 of its levels.

You collected 38 gold pieces.

Inventory:

Hand Weapons
 a - a +0 dagger
 g - a +1 dagger of draining (weapon)
Armour
 b - a +0 hat (worn)
Scrolls
 d - a scroll of silence {unknown}
 h - a scroll of blinking {unknown}
Potions
 c - a potion of magic
 e - a potion of curing {unknown}
 f - a potion of brilliance {unknown}


   Skills:
 + Level 2.2 Dodging
 + Level 3.1 Stealth
 + Level 3.2 Spellcasting
 + Level 1.3 Conjurations
 + Level 1.6 Summonings
 + Level 1.4 Translocations


You had 3 spell levels left.
You knew the following spells:

 Your Spells              Type           Power      Damage    Failure   Level
a - Magic Dart            Conj           28%        1d4       9%          1
b - Call Imp              Summ           16%        N/A       13%         2
c - Blink                 Tloc           14%        N/A       14%         2

Your spell library contained the following spells:

 Spells                   Type           Power      Damage    Failure   Level
 Slow                     Hex            8%         N/A       16%         1
 Cigotuvi's Dreadful Rot  Necr/Pois/Air  4%         N/A       24%         2
 Mephitic Cloud           Conj/Pois/Air  4%         N/A       36%         3
 Tukima's Dance           Hex            2%         N/A       43%         3
 Iskenderun's Mystic Bla  Conj/Tloc      7%         2d4       65%         4
 Manifold Assault         Tloc           7%         N/A       65%         4
 Dimensional Bullseye     Hex/Tloc       2%         N/A       75%         4


Dungeon Overview and Level Annotations

Branches:
Dungeon (2/15)

Altars:

Annotations:
D:2 Jessica


Innate Abilities, Weirdness & Mutations

You cannot wear most types of armour.
You are amphibious.
You can wear up to eight rings at the same time.
Your skin changes colour to match your surroundings (Stealth+).
Your rubbery body absorbs attacks. (AC +1, EV +1)
((You are camouflaged when in or above water. (Stealth+)))
You have tentacles for arms and can constrict up to eight enemies at once.


Message History

Jessica mumbles some strange words.
Jessica blinks!
You hit the jackal.
The jackal is severely wounded.
You constrict the jackal.
You kill the jackal!
The jackal barely misses you. The jackal closely misses you.
Jessica grins evilly.
You barely miss the jackal. Your grab misses the jackal.
The jackal bites you but does no damage.
The jackal bites you. The jackal closely misses you.
You hit the jackal but do no damage. You drain the jackal.
Your grab misses the jackal. Your squeeze misses the jackal.
The jackal is almost dead.
The jackal misses you. The jackal bites you.
Jessica casts a spell.
Jessica blinks!
The jackal bites you. The jackal barely misses you. The jackal misses you. x2
You hit the jackal but do no damage. You drain the jackal.
You kill the jackal!
The jackal closely misses you. Jessica gestures at you while chanting.
Pain shoots through your body! The jackal bites you.
* * * LOW HITPOINT WARNING * * *
Jessica gestures at you while chanting. Pain shoots through your body!
* * * LOW HITPOINT WARNING * * *
You are too injured to fight recklessly!
Casting: Magic Dart (safe; 9% risk of failure)
Confirm with . or Enter, or press ? or * to list all spells.
You blink.
Jessica casts a spell.
Jessica blinks!
The jackal attacks as it pursues you! The jackal bites you.
* * * LOW HITPOINT WARNING * * *
Jessica barely misses you. The jackal closely misses you.
Jessica attacks as she pursues you! Jessica misses you.
Jessica grins evilly.
Jessica hits you with a +0 club.
You die...

#. .. #. # #.
#.#### #.# #.#
#..... ...
#.#.#.... ..
#..#...###.#
###.#...h@@..#
........###.#
##......... #
# ####[#..###
# #.....#.
#######.....#.
....†.......#.
#######.....#.
#.....#


You could see Jessica (fast, very drained) and a jackal.

Vanquished Creatures
  A dart slug (D:2)
  4 ball pythons (D:1)
  2 endoplasms (D:1)
  2 giant cockroaches (D:1)
  A hobgoblin (D:1)
  2 jackals (D:2)
  A quokka (D:1)
  5 bats (D:1)
  4 frilled lizards (D:1)
  2 kobolds (D:1)
  2 rats (D:1)
26 creatures vanquished.

Vanquished Creatures (collateral kills)
  An endoplasm (D:1)
1 creature vanquished.

Grand Total: 27 creatures vanquished

Notes
Turn   | Place    | Note
-------+----------+-------------------------------------------
     0 | D:1      | javelincjr the Octopode Hedge Wizard began the quest for
                  | the Orb.
     0 | D:1      | Reached XP level 1. HP: 11/11 MP: 4/4
   310 | D:1      | Reached XP level 2. HP: 17/17 MP: 3/6
   564 | D:1      | Learned a level 2 spell: Call Imp
   567 | D:1      | Learned a level 2 spell: Blink
   988 | D:1      | Reached XP level 3. HP: 15/20 MP: 7/7
  1345 | D:2      | Noticed Jessica
  1363 | D:2      | Slain by Jessica

Illustrated notes

Levels and vault maps discovered:
D:1:      minmay_arrival_stair_chambers, layout_basic, serial_bayou_lagoon_a,
          minmay_tripent
D:2:      layout_loops_ring, basic_altar, shapermc_ecumenical_altar_petra,
          uniq_sigmund, uniq_robin, uniq_jessica, uniq_natasha

Skill      XL: |  1  2 |
---------------+-------+-----
Stealth        | 3 |  3.1
Dodging        | |  2.2
Spellcasting   | |  3.2
Conjurations   | |  1.3
Summonings     | |  1.6
Translocations | |  1.4

Action                     || total
---------------------------++-------
  Melee: Dagger            ||    42
         Constrict         ||    16
         Tentacles         ||     8
         Punch             ||     1
   Cast: Magic Dart        ||    36
         Call Imp          ||     1
         Blink             ||     1
   Stab: Sleeping          ||     6
 Armour: Skin              ||    14
  Dodge: Dodged            ||    26

Table legend: (Time is in decaauts)
 A = Elapsed time spent in this place.
 B = Non-inter-level travel time spent in this place.
 C = Inter-level travel time spent in this place.
 D = Time resting spent in this place.
 E = Time spent auto-exploring this place.
 F = Levels seen in this place.
 G = Mean time per level.
                   A        B        C        D        E       F      G
               +--------+--------+--------+--------+--------+-----+--------+
         Total |   1366 |   1358 |      8 |      0 |   1172 |   2 |  683.0 |
       Dungeon |   1366 |   1358 |      8 |      0 |   1172 |   2 |  683.0 |
               +--------+--------+--------+--------+--------+-----+--------+

Top non-repeatable levels by time:
     D:1: 1301 daAuts
     D:2: 65 daAuts
